 Dungeon Crawl Stone Soup version 0.16-a0-621-gdc21f72 (webtiles) character file.

14360 PolkaDot the Cruncher (level 11, -1/86 HPs)
             Began as a Vampire Gladiator on Sept 16, 2014.
             Was a High Priest of Ru.
             Slain by a boulder beetle (27 damage)
             ... on Level 4 of the Lair of Beasts on Sept 17, 2014.
             The game lasted 01:04:21 (13481 turns).

PolkaDot the Cruncher (Vampire Gladiator)          Turns: 13481, Time: 01:04:21

HP  -1/86        AC  5     Str 14      XL: 11   Next: 87%
MP  21/21        EV 17     Int 10      God: Ru [*****.]
Gold 888         SH  0     Dex 17      Spells:  0 memorised, 10 levels left

rFire  . . .     SeeInvis +     A - +7 quarterstaff of Pandemonium {speed, rN+}
rCold  . . .     Clarity  .     b - +0 leather armour
rNeg   + . .     rCorr    .     (no shield)
rPois  .         rRot     .     c - +0 helmet
rElec  .         Spirit   .     (no cloak)
SustAb .         Warding  .     t - +0 pair of gloves
rMut   .         Stasis   .     (no boots)
Gourm  .                        (no amulet)
MR     .....                    o - ring of invisibility
                                x - +6 ring of slaying

@: regenerating quickly, not resistant to hostile enchantments, extremely
unstealthy
A: bottle blood, fangs 3, see invisible, unbreathing, no stealth, no charms
magic, no conjurations magic, no ice magic, no necromancy magic, no poison
magic, no transmutations magic, magic vulnerability 2
a: Bottle Blood, Sacrifice Purity, Sacrifice Artifice, Sacrifice Durability,
Draw Out Power, Power Leap, Cataclysm, Renounce Religion, Evoke Invisibility


You were on level 4 of the Lair of Beasts.
You worshipped Ru.
Ru was extremely pleased with you.
You were very full.

You visited 3 branches of the dungeon, and saw 14 of its levels.

You collected 888 gold pieces.

Inventory:

Hand weapons
 A - the +7 quarterstaff of Pandemonium (weapon) {speed, rN+}
   (You found it on level 9 of the Dungeon)

   Attacks with this weapon are significantly faster.
   It protects you from negative energy.
Missiles
 d - a throwing net (quivered)
Armour
 b - a +0 leather armour (worn)
 c - a +0 helmet (worn)
 t - a +0 pair of gloves (worn)
Magical devices
 i - a wand of random effects (8)
 q - a wand of frost (19)
 v - a wand of teleportation (7)
 y - a wand of paralysis (0)
Scrolls
 f - 2 scrolls of magic mapping
 g - 5 scrolls of fear
 h - 11 scrolls of remove curse
 j - 2 scrolls of fog
 k - 3 scrolls of teleportation
 l - 2 scrolls of blinking
 s - a scroll of acquirement {unknown}
 u - 2 scrolls of recharging
 w - a scroll of immolation
 z - 2 scrolls of amnesia
 C - a scroll of noise
Jewellery
 m - an uncursed ring of protection from fire
 o - a ring of invisibility (right hand)
 x - a +6 ring of slaying (left hand)
Potions
 a - 4 potions of coagulated blood {@*1}
 e - a potion of lignification
 n - 25 potions of blood {@*1}
 p - 3 potions of restore abilities
 r - a potion of haste
 B - 2 potions of magic
 D - a potion of cancellation
Books
 E - a Grand Grimoire {highlevel}

   This book is beyond your current level of understanding.

   Spells                             Type                      Level
   Aura of Abjuration                 Summoning                    6
   Forceful Dismissal                 Summoning                    6
   Summon Greater Demon               Summoning                    7
   Malign Gateway                     Summoning/Translocation      7
   Summon Horrible Things             Summoning                    8


   Skills:
 - Level 8.0 Fighting
 * Level 11.8 Staves
 - Level 1.5 Throwing
 + Level 8.7 Dodging
 + Level 7.5 Evocations


You had 10 spell levels left.
You didn't know any spells.

Dungeon Overview and Level Annotations

Branches:
Dungeon (9/15)             Temple (1/1) D:4             Orc (0/4) D:9
   Lair (4/8) D:9
  Swamp: Lair:3-6    Shoals: Lair:3-6     Snake: Lair:3-6    Spider: Lair:3-6

Altars:
Ashenzari
Cheibriados
Dithmenos
Elyvilon
Fedhas
Gozag
Kikubaaqudgha
Makhleb
Nemelex Xobeh
Okawaru
Qazlal
Ru
Sif Muna
Trog
Vehumet
Xom
Yredelemnul
Zin
The Shining One

Shops:
D:9 :(


Innate Abilities, Weirdness & Mutations

Your natural rate of healing is unusually fast.
You can bottle blood from corpses.
You have razor-sharp teeth.
You have supernaturally acute eyesight.
You can survive without breathing.
You cannot be stealthy.
You cannot study or cast Charms magic.
You cannot study or cast Conjurations magic.
You cannot study or cast Ice magic.
You cannot study or cast Necromancy magic.
You cannot study or cast Poison magic.
You cannot study or cast Transmutations magic.
You are vulnerable to magic.


Message History

You bludgeon the catoblepas!!
The catoblepas is severely wounded.
You strike the helpless catoblepas from behind!
You hit the catoblepas but do no damage.
The catoblepas is severely wounded.
The catoblepas is no longer blind.
The catoblepas gores you!! The boulder beetle bites you!!
* * * LOW HITPOINT WARNING * * *
You hit the catoblepas.
The catoblepas is severely wounded.
You hit the catoblepas.
The catoblepas is almost dead.
You sock the catoblepas!
The catoblepas is almost dead.
The catoblepas gores you!
* * * LOW HITPOINT WARNING * * *
You sock the catoblepas!
You kill the catoblepas!
The boulder beetle bites you!!
You die...

####..#.##............
# #######P...........#
# ##)#.........#
##..........#
#.#...(....#
###....#####
###.#.>.###
#.#.......##
#.@%.⌠....#
#.B..####... #...##.#
#...## .# #... ..
..... ... ⌠.... >..
.... . .


You could see a boulder beetle.

Vanquished Creatures
  2 hydras (Lair:3)
  A catoblepas (Lair:4)
  A black mamba (Lair:3)
  4 spiny frogs (Lair:3)
  2 trolls (D:9)
  2 basilisks
  4 blink frogs (Lair:2)
  3 spriggans (Lair:1)
  10 yaks
  Eustachio (D:7)
  A wyvern (D:8)
  2 hungry ghosts (D:8)
  A hippogriff (Lair:1)
  5 wolves
  6 water moccasins
  An orc warrior (D:9)
  2 ice beasts
  2 phantoms
  6 porcupines
  2 black bears
  A necrophage (D:7)
  6 centaurs
  5 ogres
  A big kobold (D:7)
  8 giant frogs
  6 crocodiles
  A scorpion (D:4)
  3 electric eels (D:9)
  6 killer bees (D:9)
  5 wights (D:6)
  2 goliath beetles
  6 crimson imps
  15 hounds
  2 centaur skeletons
  A giant frog skeleton (D:5)
  A giant frog zombie (D:6)
  3 jellies
  10 iguanas
  5 worker ants
  An orc priest (D:5)
  4 orc wizards
  Jessica (D:2)
  A crocodile skeleton (D:7)
  10 adders
  A hound skeleton (D:3)
  A scorpion zombie (D:6)
  32 green rats
  A shadow imp (D:5)
  4 worms
  6 giant geckos
  2 oozes
  41 orcs
  2 ball pythons
  4 giant cockroaches
  13 hobgoblins
  9 quokkas
  22 bats
  6 giant newts
  A giant spore (D:8)
  16 goblins
  21 jackals
  14 kobolds
  A kobold zombie (D:8)
  An orc skeleton (D:5)
  A quokka skeleton (D:4)
  13 rats
  A ballistomycete (D:8)
375 creatures vanquished.

Vanquished Creatures (others)
  A hippogriff (Lair:2)
  A worker ant (D:9)
2 creatures vanquished.

Grand Total: 377 creatures vanquished

Notes
Turn   | Place    | Note
--------------------------------------------------------------
     0 | D:1      | PolkaDot, the Vampire Gladiator, began the quest for the Orb.
     0 | D:1      | Reached XP level 1. HP: 16/16 MP: 1/1
   232 | D:1      | Reached XP level 2. HP: 17/22 MP: 2/2
   886 | D:2      | Noticed Jessica
   890 | D:2      | Killed Jessica
   890 | D:2      | Reached XP level 3. HP: 25/27 MP: 3/3
  1126 | D:2      | Reached XP level 4. HP: 17/34 MP: 4/4
  1467 | D:2      | Found a shadowy altar of Dithmenos.
  1939 | D:3      | Reached skill level 4 in Dodging
  2178 | D:3      | Reached XP level 5. HP: 35/39 MP: 5/5
  2693 | D:4      | Found a bloodstained altar of Trog.
  2744 | D:4      | Found an iron altar of Okawaru.
  2776 | D:4      | Found a staircase to the Ecumenical Temple.
  2902 | D:4      | Noticed a phantom
  2909 | D:4      | Reached XP level 6. HP: 47/47 MP: 6/6
  2949 | Temple   | Entered the Ecumenical Temple
  3207 | Temple   | Became a worshipper of Ru the Awakened
  3263 | D:4      | Killed a phantom
  3467 | D:4      | Found a glowing golden altar of the Shining One.
  3541 | D:4      | Reached skill level 5 in Staves
  3563 | D:4      | Noticed an ogre
  3584 | D:4      | Killed an ogre
  3584 | D:4      | Reached skill level 5 in Dodging
  3584 | D:4      | Reached XP level 7. HP: 35/52 MP: 7/7
  4132 | D:5      | Entered Level 5 of the Dungeon
  4493 | D:5      | Gained mutation: You cannot be stealthy. [Ru sacrifice]
  4493 | D:5      | Acquired Ru's first power
  5500 | D:5      | Reached skill level 6 in Staves
  5681 | D:6      | Reached XP level 8. HP: 44/61 MP: 8/8
  6093 | D:6      | Reached skill level 5 in Fighting
  6112 | D:6      | Reached skill level 7 in Staves
  6367 | D:6      | Gained mutation: You cannot study or cast Conjurations magic. [Ru sacrifice]
  6367 | D:6      | Gained mutation: You cannot study or cast Necromancy magic. [Ru sacrifice]
  6367 | D:6      | Gained mutation: You cannot study or cast Poison magic. [Ru sacrifice]
  6367 | D:6      | Acquired Ru's second power
  6411 | D:6      | Reached XP level 9. HP: 37/68 MP: 9/9
  7122 | D:7      | Reached skill level 1 in Evocations
  7226 | D:7      | Noticed Eustachio
  7243 | D:7      | Killed Eustachio
  7331 | D:7      | Reached skill level 8 in Staves
  8473 | D:8      | Gained mutation: You are slightly vulnerable to magic. [Ru sacrifice]
  8473 | D:8      | Acquired Ru's third power
  8539 | D:8      | Reached skill level 9 in Staves
  8867 | D:9      | Found Icridu's Antique Weapon Emporium.
  8903 | D:9      | Reached XP level 10. HP: 39/77 MP: 16/16
  9082 | D:9      | Found a staircase to the Orcish Mines.
  9215 | D:9      | Found a shimmering altar of Xom.
  9217 | D:9      | Found a stormy altar of Qazlal.
  9220 | D:9      | Found a radiant altar of Vehumet.
  9369 | D:9      | Got a jewelled quarterstaff
  9380 | D:9      | Identified the +7 quarterstaff of Pandemonium {speed, rN+} (You found it on level 9 of the Dungeon)
  9454 | D:9      | Found Schaofib's Book Shoppe.
  9752 | D:9      | Found a staircase to the Lair.
  9862 | Lair:1   | Entered Level 1 of the Lair of Beasts
  9879 | Lair:1   | Reached skill level 10 in Staves
  9879 | Lair:1   | Reached skill level 5 in Evocations
 10056 | Lair:1   | Gained mutation: You cannot study or cast Charms magic. [Ru sacrifice]
 10056 | Lair:1   | Gained mutation: You cannot study or cast Transmutations magic. [Ru sacrifice]
 10056 | Lair:1   | Gained mutation: You cannot study or cast Ice magic. [Ru sacrifice]
 10056 | Lair:1   | Acquired Ru's fourth power
 10828 | Lair:2   | Reached XP level 11. HP: 84/86 MP: 20/20
 11356 | Lair:2   | Found a stormy altar of Qazlal.
 11683 | Lair:3   | Gained mutation: You are vulnerable to magic. [Ru sacrifice]
 11683 | Lair:3   | Acquired Ru's fifth power
 11721 | Lair:3   | Reached skill level 11 in Staves
 11890 | Lair:3   | Noticed an eight-headed hydra
 12408 | Lair:3   | Got a dazzling ring mail
 12419 | Lair:3   | Identified the +1 ring mail of a labyrinth {Dex-4 Int+1} (You found it on level 3 of the Lair of Beasts)
 12561 | Lair:3   | Noticed a four-headed hydra
 12570 | Lair:3   | Killed a four-headed hydra
 13036 | Lair:3   | Killed an eight-headed hydra
 13468 | Lair:4   | Noticed a catoblepas
 13481 | Lair:4   | Killed a catoblepas
 13481 | Lair:4   | Slain by a boulder beetle

Action                   |  1- 3 |  4- 6 |  7- 9 | 10-12 || total
-------------------------+-------+-------+-------+-------++-------
Melee: Quarterstaff      |    73 |   255 |   619 |   427 ||  1374
Throw: Throwing net      |       |     3 |     2 |       ||     5
Invok: Sacrifice Stealth |       |       |     1 |       ||     1
       Sacrifice Arcana  |       |       |     1 |     1 ||     2
       Sacrifice Essence |       |       |     1 |     1 ||     2
       Power Leap        |       |       |       |     2 ||     2
 Abil: Bottle Blood      |       |       |    18 |    49 ||    67
Evoke: Wand              |       |       |    10 |     2 ||    12
  Use: Potion            |     1 |     2 |    26 |    31 ||    60
       Scroll            |       |     5 |    11 |     6 ||    22
 Stab: Sleeping          |       |     1 |       |       ||     1
       Invisible         |       |       |     2 |     6 ||     8
       Held in net/web   |       |       |     1 |       ||     1
       Paralysed         |       |       |     4 |     6 ||    10
       Confused          |       |       |     1 |       ||     1
  Eat: Corpse            |    10 |    20 |    13 |       ||    43
